 Dungeon Crawl Stone Soup version 0.31.0-32-g396128a36d (webtiles) character file.

Game seed: 14852555774600239515

284 tizbic2 the Shield-Bearer (level 6, -4/48 HPs)
             Began as a Formicid Fighter on Apr 14, 2024.
             Was an Initiate of Ru.
             Slain by an orc priest
             ... wielding a +0 morningstar
              (14 damage)
             ... on level 5 of the Dungeon.
             The game lasted 00:09:24 (2316 turns).

tizbic2 the Shield-Bearer (Formicid Fighter)        Turns: 2316, Time: 00:09:24

Health: -4/48      AC:  7    Str: 22    XL:     6   Next: 55%
Magic:  6/6        EV:  9    Int:  8    God:    Ru [......]
Gold:   138        SH: 10    Dex: 13    Spells: 5/5 levels left

rFire   . . .        a - +0 quarterstaff (chaos)
rCold   + . .        c - +0 buckler
rNeg    . . .        e - +0 scale mail {rC+}
rPois   .            (helmet unavailable)
rElec   .            (no cloak)
rCorr   .            (no gloves)
SInv    +            (no boots)
Will    .....        l - amulet of reflection Stlth
                     (no ring)
HPRegen 0.28/turn    (no ring)
MPRegen 0.10/turn

%: reflection
@: no status effects
A: permanent stasis, dig shafts and tunnels, antennae 3, four strong arms
a: Dig, Shaft Self, Renounce Religion


You were on level 5 of the Dungeon.
You worshipped Ru.
Ru was noncommittal.
You visited 2 branches of the dungeon, and saw 6 of its levels.

You collected 138 gold pieces.

Inventory:

Hand Weapons
 a - a +0 quarterstaff of chaos (weapon)
Missiles
 j - 6 poisoned darts
Armour
 b - a +0 scale mail
 c - a +0 buckler (worn)
 e - a +0 scale mail of cold resistance (worn)
Jewellery
 l - an amulet of reflection (around neck)
Wands
 k - a wand of acid (9)
 o - a wand of iceblast (2)
 r - a wand of mindburst (9)
Scrolls
 f - a scroll of immolation
 g - a scroll of fear
 i - 2 scrolls of enchant weapon
 n - a scroll of revelation
Potions
 d - a potion of might
 h - 2 potions of curing
 m - a potion of attraction
 p - a potion of invisibility {unknown}
 q - a potion of haste {unknown}
 s - a potion of cancellation {unknown}


   Skills:
 + Level 4.2 Fighting
 * Level 4.0 Staves
 + Level 4.2 Armour
 * Level 6.2 Shields


You had 5 spell levels left.
You didn't know any spells.
Your spell library contained the following spells:

 Spells                   Type           Power      Damage    Failure   Level
 Apportation              Tloc           0%         N/A       78%         1
 Necrotise                Necr           0%         1d4       78%         1
 Sting                    Conj/Alch      0%         1d3       78%         1
 Summon Small Mammal      Summ           0%         N/A       78%         1


Dungeon Overview and Level Annotations

Branches:
Dungeon (5/15)             Temple (1/1) D:4

Altars:
Ashenzari
Cheibriados
Dithmenos
Elyvilon
Fedhas
Gozag
Hepliaklqana
Okawaru
Qazlal
Ru
Sif Muna
Trog
Vehumet
Wu Jian
Xom
Yredelemnul
Zin
The Shining One


Innate Abilities, Weirdness & Mutations

You cannot be hasted, slowed, berserked, paralysed or teleported.
You can dig through walls and to a lower floor.
You have a pair of large antennae on your head. (SInv)
Your four strong arms can wield two-handed weapons with a shield.


Message History

The orc priest is lightly wounded.
You block the orc priest's attack.
You hit the orc priest.
You feel better.
The orc priest is heavily wounded.
You block the orc priest's attack.
The orc priest mumbles some strange prayers to Beogh against you.
Pain shoots through your body!
You sock the orc priest!
You feel better.
You kill the orc priest!
Your Staves skill increases to level 4!
Things that are here:
a +0 mace; an orc corpse
Found a club.
An orc priest comes into view. It is wielding a +0 morningstar.
You see here a +0 club.
Found 10 gold pieces.
The orc priest shouts!
You sock the orc priest!
The orc priest seems to grow stronger.
The orc priest is severely wounded.
The orc priest mumbles some strange prayers to Beogh against you.
Beogh smites you!
You barely miss the orc priest.
The orc priest is severely wounded.
The orc priest closely misses you.
A bombardier beetle comes into view.
You barely miss the orc priest.
The orc priest is severely wounded.
The orc priest completely misses you.
You barely miss the orc priest.
The orc priest is severely wounded.
The orc priest hits you with a +0 morningstar!
You hit the orc priest.
The orc priest is poisoned.
The orc priest is almost dead.
The orc priest casts a cantrip, but nothing happens.
You closely miss the orc priest.
The orc priest is almost dead.
The orc priest hits you with a +0 morningstar!
* * * LOW HITPOINT WARNING * * *
The orc priest hits you with a +0 morningstar!
You die...

##
##.###########
##......))....#
#...<.#######.#
##...## #.#
##.## #)# ...
##.#### ###.
#.....# #+
#.@##$# #Bo# #
#... #..## #...
...., #...
##.##


You could see a bombardier beetle and an orc priest (strong, very poisoned).

Vanquished Creatures
  A jelly (D:4)
  An orc priest (D:5)
  Ijyb (D:3)
  An orc wizard (D:4)
  A sleepcap (D:4)
  4 gnolls
  4 adders
  4 dart slugs
  A ribbon worm (D:3)
  7 orcs
  4 ball pythons
  4 bats
  5 endoplasms
  3 giant cockroaches
  5 goblins
  4 hobgoblins
  2 quokkas
  4 frilled lizards
  7 kobolds
  4 rats (D:3)
67 creatures vanquished.

Vanquished Creatures (others)
  A giant cockroach (D:3)
1 creature vanquished.

Grand Total: 68 creatures vanquished

Notes
Turn   | Place    | Note
-------+----------+-------------------------------------------
     0 | D:1      | tizbic2 the Formicid Fighter began the quest for the Orb.
     0 | D:1      | Reached XP level 1. HP: 18/18 MP: 1/1
    72 | D:1      | Reached XP level 2. HP: 24/24 MP: 2/2
   362 | D:1      | Reached XP level 3. HP: 29/29 MP: 3/3
  1008 | D:3      | Reached XP level 4. HP: 32/36 MP: 4/4
  1175 | D:3      | Noticed Ijyb
  1185 | D:3      | Killed Ijyb
  1186 | D:3      | Reached skill level 5 in Shields
  1311 | D:3      | Reached XP level 5. HP: 42/42 MP: 5/5
  1506 | D:4      | Found a basalt altar of Yredelemnul.
  1507 | D:4      | Found a hazy altar of Hepliaklqana.
  1511 | D:4      | Found a glowing silver altar of Zin.
  1695 | D:4      | Found a staircase to the Ecumenical Temple.
  1724 | Temple   | Entered the Ecumenical Temple
  1733 | Temple   | Became a worshipper of Ru the Awakened
  2020 | D:4      | Found a broken altar of Ashenzari.
  2077 | D:4      | Reached XP level 6. HP: 22/48 MP: 6/6
  2215 | D:4      | Reached skill level 6 in Shields
  2287 | D:5      | Entered Level 5 of the Dungeon
  2316 | D:5      | Slain by an orc priest

Illustrated notes

Levels and vault maps discovered:
D:1:      minmay_arrival_glassed_features, layout_loops_corners
D:2:      layout_rooms
D:3:      layout_rooms, uniq_ijyb
D:4:      layout_basic, nicolae_overflow_macrodata_refinement,
          minmay_temple_entry_grid
D:5:      layout_loops_corners, nemelex_diamond_rough_becter
Temple:   compressed_dpeg_circular_temple

Skill      XL: |  1  2  3  4  5  6 |
---------------+-------------------+-----
Staves         | 3 4 |  4.0
Shields        | 5 6 |  6.2
Fighting       | 4 |  4.2
Armour         | 4 |  4.2

Action                     |  1- 3 |  4- 6 || total
---------------------------+-------+-------++-------
  Melee: Quarterstaff      |   100 |   103 ||   203
    Use: Scroll            |     8 |     2 ||    10
 Armour: Scale mail        |    65 |    58 ||   123
         Skin              |       |     1 ||     1
  Dodge: Dodged            |    61 |    31 ||    92
  Block: Buckler           |    35 |    46 ||    81
         Reflection        |       |     2 ||     2
